 Dungeon Crawl Stone Soup version 0.31-a0-133-gaae73658be (webtiles) character file.

Game seed: 18018550714201860143

105 IdlyInterested the Trooper (level 4, -1/37 HPs)
             Began as a Demonspawn Wanderer on June 2, 2023.
             Slain by a gnoll
             ... wielding a +0 halberd
              (11 damage)
             ... on level 3 of the Dungeon.
             The game lasted 00:04:54 (2170 turns).

IdlyInterested the Trooper (Demonspawn Wanderer)    Turns: 2170, Time: 00:04:54

Health: -1/37      AC:  7    Str: 14    XL:     4   Next: 54%
Magic:  7/7        EV: 10    Int: 13    God:
Gold:   132        SH:  0    Dex: 13    Spells: 6/7 levels left

rFire   . . .        o - +3 hand axe (elec)
rCold   . . .        (no shield)
rNeg    . . .        f - +0 ring mail
rPois   .            (no helmet)
rElec   .            (no cloak)
rCorr   .            (no gloves)
SInv    .            (no boots)
Will    .....        (no amulet)
Stlth   +            (no ring)
HPRegen 0.26/turn    (no ring)
MPRegen 0.10/turn

%: no passive effects
@: mighty
A: hooves 1, thin metallic scales 1, ignite blood 1
a: no special abilities


You were on level 3 of the Dungeon.
You visited 1 branch of the dungeon, and saw 3 of its levels.

You collected 132 gold pieces.

Inventory:

Hand Weapons
 a - a +2 mace
 e - a +0 hand axe
 o - a +3 hand axe of electrocution (weapon)
 p - a +0 spear
 q - a +0 flail
 r - a +0 falchion
Missiles
 i - 6 poisoned darts
Armour
 d - a +0 robe
 f - a +0 ring mail (worn)
 g - a +0 plate armour
 k - a +0 leather armour
Scrolls
 n - a scroll of blinking {unknown}
 s - 2 scrolls of identify {unknown}
 t - a scroll of brand weapon {unknown}
Potions
 h - a potion of haste {unknown}
 j - a potion of heal wounds {unknown}
 l - a potion of lignification {unknown}
 m - a potion of curing {unknown}
Miscellaneous
 b - a piece from Xom's chessboard (15/15)


   Skills:
 * Level 4.0 Fighting
 - Level 1.7 Maces & Flails
 + Level 0.1 Throwing
 - Level 1.0 Armour
 - Level 1.0 Dodging
 - Level 1.0 Stealth
 - Level 2.0 Spellcasting
 - Level 1.0 Fire Magic
 - Level 3.0 Evocations


You had 6 spell levels left.
You knew the following spells:

 Your Spells              Type           Power      Damage    Failure   Level
a - Foxfire               Conj/Fire      8%         2x1d4     38%         1

Your spell library contained the following spells:

 Spells                   Type           Power      Damage    Failure   Level
 Inner Flame              Hex/Fire       2%         N/A       77%         3
 Borgnjor's Revivificati  Necr           0%         N/A       100%        8
 Necromutation            Tmut/Necr      0%         N/A       100%        8
 Death's Door             Necr           0%         N/A       100%        9


Dungeon Overview and Level Annotations

Branches:
Dungeon (3/15)

Altars:


Innate Abilities, Weirdness & Mutations

You have large cloven feet.
You are partially covered in thin metallic scales. (AC +2)
Your demonic aura sometimes causes spilled blood to erupt in flames.


Message History

The worm barely misses you.
You hit the worm but do no damage.
The worm is severely wounded.
You hit the worm. Lightning courses through the worm!
You kill the worm!
HP restored.
Found a whip.
A bat comes into view.
The bat closely misses you.
You hit the bat.
You kill the bat!
You see here a bat corpse.
You see here a +0 whip.
s - 2 scrolls labelled LAIBRE JUORETI (gained 1)
Found a stone staircase leading down.
Found a stone staircase leading down.
A gnoll comes into view. It is wielding a +0 halberd.
The gnoll shouts!
A gnoll comes into view. It is wielding a +0 flail.
A gnoll comes into view. It is wielding a +0 spear.
The gnoll shouts!
You hear a shout!
The gnoll shouts!
A gnoll comes into view. It is wielding a +0 club.
The gnoll hits you with a +0 halberd!
A goblin comes into view. It is wielding a +0 dagger.
You closely miss the gnoll. The gnoll hits you with a +0 halberd.
The gnoll hits you from afar with a +0 spear.
You closely miss the gnoll. Your kick misses the gnoll.
The gnoll hits you with a +0 halberd. The gnoll hits you but does no damage.
The gnoll closely misses you. The gnoll misses you.
The gnoll hits you from afar with a +0 spear!
* * * LOW HITPOINT WARNING * * *
You barely miss the gnoll. You kick the gnoll.
The gnoll is moderately wounded.
You completely miss the gnoll. The gnoll barely misses you.
The gnoll closely misses you. The gnoll hits you but does no damage.
Unknown command.
You feel very mighty all of a sudden. The gnoll hits you with a +0 halberd!
You die...

## #.##)...†..
#.#######.. ####.####
##. ##.......# ## #
#.....##.# # #..
#.###.##.# #...######.#
#.##.######
#.....g....###.##.##....
.....gg@.......##.##....
.....gg.................
..........#..####.##....
#...#####.#.>.###.##....
#.. .>..........######
#. ####.....#..# #
#........# ####
##.......# #...
#####.#####..#


You could see 4 gnolls and a goblin.

Vanquished Creatures
  Terence (D:2)
  2 adders (D:2)
  3 gnolls (D:2)
  A worm (D:3)
  A dart slug (D:3)
  An orc (D:2)
  A bat (D:3)
  An endoplasm (D:1)
  A giant cockroach (D:1)
  2 goblins
  2 hobgoblins
  A kobold (D:2)
  6 quokkas
  3 frilled lizards (D:1)
  4 rats
30 creatures vanquished.

Notes
Turn   | Place    | Note
-------+----------+-------------------------------------------
     0 | D:1      | IdlyInterested the Demonspawn Wanderer began the quest for
                  | the Orb.
     0 | D:1      | IdlyInterested set off with the following items: a +2 mace,
                  | a piece from Xom's chessboard (15/15), a potion of might, a
                  | +0 robe; and the following spell memorised: Foxfire; and
                  | the following spells available to memorise: Inner Flame.
     0 | D:1      | Reached XP level 1. HP: 13/13 MP: 3/3
   211 | D:1      | Reached skill level 1 in Fighting
   418 | D:1      | Gained mutation: You have large cloven feet. [demonic
                  | ancestry]
   418 | D:1      | Reached XP level 2. HP: 18/21 MP: 5/5
   816 | D:1      | Reached skill level 1 in Stealth
  1115 | D:2      | Reached skill level 2 in Fighting
  1202 | D:2      | Gained mutation: You are partially covered in thin metallic
                  | scales. (AC +2) [demonic ancestry]
  1202 | D:2      | Reached XP level 3. HP: 28/28 MP: 6/6
  1406 | D:2      | Reached skill level 3 in Fighting
  1441 | D:2      | Noticed Terence
  1447 | D:2      | Killed Terence
  1448 | D:2      | Gained mutation: Your demonic aura sometimes causes spilled
                  | blood to erupt in flames. [demonic ancestry]
  1448 | D:2      | Reached XP level 4. HP: 17/37 MP: 7/7
  1680 | D:2      | Found a faded altar of an unknown god.
  1974 | D:3      | Reached skill level 4 in Fighting
  2170 | D:3      | Slain by a gnoll

Illustrated notes

Levels and vault maps discovered:
D:1:      wheals_arrival_shading, layout_basic, minmay_unequal
D:2:      layout_loops_corners, ebering_ecumenical_altar_petrified, uniq_terence
D:3:      layout_loops_cross, serial_bayou_pond_e, kennysheep_generic_room_2

Skill      XL: |  1  2  3  4 |
---------------+-------------+-----
Fighting       | 1 2 3 4 |  4.0
Stealth        | 1 |  1.0
Maces & Flails | |  1.7
Throwing       | |  0.1
Armour         | |  1.0
Dodging        | |  1.0
Spellcasting   | |  2.0
Fire Magic     | |  1.0
Evocations     | |  3.0

Action                     |  1- 3 |  4- 6 || total
---------------------------+-------+-------++-------
  Melee: Mace              |    31 |       ||    31
         Hand axe          |    19 |    19 ||    38
         Kick              |     5 |     3 ||     8
    Use: Scroll            |     2 |       ||     2
         Potion            |       |     1 ||     1
 Armour: Robe              |     3 |       ||     3
         Ring mail         |     8 |     5 ||    13
  Dodge: Dodged            |    19 |     8 ||    27

Table legend: (Time is in decaauts)
 A = Elapsed time spent in this place.
 B = Non-inter-level travel time spent in this place.
 C = Inter-level travel time spent in this place.
 D = Time resting spent in this place.
 E = Time spent auto-exploring this place.
 F = Levels seen in this place.
 G = Mean time per level.
                   A        B        C        D        E       F      G
               +--------+--------+--------+--------+--------+-----+--------+
         Total |   2189 |   1859 |    330 |    145 |   1377 |   3 |  729.7 |
       Dungeon |   2189 |   1859 |    330 |    145 |   1377 |   3 |  729.7 |
               +--------+--------+--------+--------+--------+-----+--------+

Top non-repeatable levels by time:
     D:1: 1058 daAuts
     D:2: 999 daAuts
     D:3: 132 daAuts
